 Dungeon Crawl Stone Soup version 0.28.0-62-gf88900778d (webtiles) character file.

Game seed: 8172385076320608598

41 cbfl8 the Skirmisher (level 3, -12/29 HPs)
             Began as a Demonspawn Berserker on Apr 13, 2024.
             Was a Believer of Trog.
             Mangled by Terence
             ... wielding a +0 mace
              (16 damage)
             ... on level 2 of the Dungeon.
             The game lasted 00:01:04 (1071 turns).

cbfl8 the Skirmisher (Demonspawn Berserker)         Turns: 1071, Time: 00:01:04

Health: -12/29     AC:  3    Str: 17    XL:     3   Next: 32%
Magic:  3/3        EV: 16    Int:  8    God:    Trog [**....]
Gold:   43         SH:  0    Dex: 14    Spells: 2/2 levels left

rFire   . . .      SeeInvis .   a - +0 hand axe
rCold   . . .      Faith    .   (no shield)
rNeg    . . .      Spirit   .   b - +0 animal skin
rPois   .          Reflect  .   (no helmet)
rElec   .          Harm     .   (no cloak)
rCorr   .          Rampage  .   g - +0 pair of gloves
Will    .....                   (no boots)
Stlth   +.........              (no amulet)
HPRegen 0.09/turn               h - +4 ring of evasion
MPRegen 0.08/turn               (no ring)

@: no status effects
A: spiny 1, weakness stinger 1
a: Renounce Religion, Berserk, Trog's Hand


You were on level 2 of the Dungeon.
You worshipped Trog.
Trog was pleased with you.
You visited 1 branch of the dungeon, and saw 2 of its levels.

You collected 43 gold pieces.

Inventory:

Hand Weapons
 a - a +0 hand axe (weapon)
Armour
 b - a +0 animal skin (worn)
 g - a +0 pair of gloves (worn)
Jewellery
 h - a +4 ring of evasion (left hand)
Scrolls
 c - a scroll of enchant armour {unknown}
 d - 3 scrolls of enchant weapon {unknown}
 e - a scroll of immolation {unknown}
 f - a scroll of identify {unknown}
Potions
 i - a potion of attraction {unknown}


   Skills:
 + Level 3.6 Fighting
 + Level 3.2 Axes
 + Level 1.8 Armour
 - Level 1.7 Dodging
 * Level 1.0 Evocations


You had 2 spell levels left.
You didn't know any spells.
Your spell library was empty.

Dungeon Overview and Level Annotations

Branches:
Dungeon (2/15)

Altars:

Annotations:
D:2 Terence


Innate Abilities, Weirdness & Mutations

You are partially covered in sharp spines.
You have a small tail.


Message History

No target in view!
Found a stone staircase leading up.
No target in view!
Found a stone staircase leading up.
No target in view!
Found 28 stones.
No target in view!
Terence the Incautious comes into view.
He is wielding a +0 mace.
There is a stone staircase leading up here.
Terence is nearby!
Terence shouts!
Terence is nearby!
Terence is nearby!
You hit Terence but do no damage.
Terence drinks a potion.
Terence goes berserk!
Terence is nearby!
You hit Terence but do no damage. Terence misses you.
Terence is nearby!
You closely miss Terence. You tail-slap Terence.
Terence is lightly wounded.
Terence is struck by your spines. Terence closely misses you.
Terence is struck by your spines. Terence misses you.
Terence is nearby!
You hit Terence but do no damage.
Terence is moderately wounded.
Terence is struck by your spines. Terence barely misses you.
A worm comes into view.
Terence hits you with a +0 mace!
There are monsters nearby!
You hit Terence but do no damage.
Terence is moderately wounded.
Terence hits you with a +0 mace.
You are too injured to fight recklessly!
Terence hits you with a +0 mace!
* * * LOW HITPOINT WARNING * * *
Terence misses you.
There is a stone staircase leading up here.
Terence hits you with a +0 mace!
Ouch! That really hurt!
You die...

...# ###. ##(.w#
.... #....#
#..###..#.#
#..##...#.#
#..##..##.#
#..##..##.#
#..##..##@#
#.......@!# #
#.###..####
#########.###..#
...............#
..#######..>##.#
...............#
.....######.####
#.##.# .# #.##.#
<#


You could see Terence (berserk) and a worm.

Vanquished Creatures
  A dart slug (D:1)
  7 ball pythons
  2 bats (D:1)
  2 endoplasms (D:1)
  2 giant cockroaches (D:1)
  3 goblins
  8 hobgoblins
  2 quokkas (D:1)
  A frilled lizard (D:1)
  2 kobolds
  3 rats
33 creatures vanquished.

Notes
Turn   | Place    | Note
-------+----------+-------------------------------------------
     0 | D:1      | cbfl8 the Demonspawn Berserker began the quest for the Orb.
     0 | D:1      | Reached XP level 1. HP: 18/18 MP: 1/1
    89 | D:1      | Gained mutation: You are partially covered in sharp spines.
                  | [demonic ancestry]
    89 | D:1      | Reached XP level 2. HP: 16/24 MP: 2/2
   619 | D:1      | Reached ** piety under Trog
   628 | D:1      | Found a faded altar of an unknown god.
   679 | D:1      | Gained mutation: You have a small tail. [demonic ancestry]
   679 | D:1      | Reached XP level 3. HP: 29/29 MP: 3/3
   681 | D:1      | Reached skill level 1 in Evocations
  1059 | D:2      | Noticed Terence
  1071 | D:2      | Mangled by Terence

Illustrated notes

Levels and vault maps discovered:
D:1:      nicolae_arrival_washed_ashore, layout_rooms,
          hellmonk_ecumenical_altar_pennies_from_heaven
D:2:      layout_loops_ring, uniq_terence

Skill      XL: |  1  2  3 |
---------------+----------+-----
Axes           | 3 |  3.2
Evocations     | 1 |  1.0
Fighting       | |  3.6
Armour         | |  1.8
Dodging        | |  1.7

Action                   || total
-------------------------++-------
Melee: Hand axe          ||    68
       Tailslap          ||     5
Armor: Animal skin       ||    10
Dodge: Dodged            ||    43
